 Dungeon Crawl Stone Soup version 0.31.0-11-ge490571c62 (webtiles) character file.

Game seed: 1995616416848928192

219 qw the Skirmisher (level 5, -8/30 HPs)
             Began as a Deep Elf Hunter on Feb 4, 2024.
             Mangled by a gnoll
             ... wielding a +0 halberd
              (12 damage)
             ... on level 3 of the Dungeon.
             The game lasted 00:00:09 (2153 turns).

qw the Skirmisher (Deep Elf Hunter)                 Turns: 2153, Time: 00:00:09

Health: -8/30      AC:  5    Str: 10    XL:     5   Next: 63%
Magic:  7/7        EV: 11    Int: 14    God:
Gold:   183        SH:  0    Dex: 18    Spells: 4/4 levels left

rFire   . . .        a - +0 shortbow
rCold   . . .        (shield currently unavailable)
rNeg    . . .        h - +0 ring mail
rPois   .            (no helmet)
rElec   .            (no cloak)
rCorr   .            (no gloves)
SInv    .            (no boots)
Will    .....        (no amulet)
Stlth   +            (no ring)
HPRegen 0.25/turn    (no ring)
MPRegen 0.10/turn

%: no passive effects
@: no status effects
A: no striking features
a: no special abilities


You were on level 3 of the Dungeon.
You visited 1 branch of the dungeon, and saw 3 of its levels.

You collected 183 gold pieces.


   Skills:
 + Level 1.9 Fighting
 - Level 9.0 Ranged Weapons
 - Level 2.4 Dodging
 - Level 1.2 Stealth


You had 4 spell levels left.
You didn't know any spells.
Your spell library was empty.

Inventory:

Hand Weapons
 a - a +0 shortbow (weapon)
Armour
 h - a +0 ring mail (worn)
Scrolls
 c - a scroll of fear {unknown}
Potions
 b - 2 potions of might {unknown}
 d - a potion of resistance {unknown}

Dungeon Overview and Level Annotations

Branches:
Dungeon (3/15)

Altars:
Xom
The Shining One

Shops:
D:2 :


Message History

The gnoll hits you with a +0 flail.
You shoot an arrow.
The arrow hits the gnoll but does no damage.
The gnoll barely misses you. The gnoll completely misses you.
You shoot an arrow. The arrow hits the gnoll.
The gnoll is lightly wounded.
The gnoll closely misses you. The gnoll barely misses you.
You shoot an arrow. The arrow barely misses the gnoll. x2
The arrow hits the gnoll but does no damage.
The gnoll barely misses you.
The gnoll hits you from afar with a +0 spear.
You shoot an arrow. The arrow hits the gnoll!
The gnoll is almost dead.
The gnoll closely misses you. The gnoll hits you but does no damage.
You shoot an arrow. The arrow hits the gnoll.
You kill the gnoll!
The gnoll hits you from afar with a +0 spear.
You shoot an arrow. The arrow hits the gnoll.
The gnoll is heavily wounded.
The gnoll hits you from afar with a +0 spear.
You shoot an arrow.
The arrow hits the gnoll but does no damage.
The gnoll is heavily wounded.
The gnoll barely misses you. x2
You shoot an arrow. The arrow hits the gnoll!
You kill the gnoll!
You shoot an arrow.
The arrow hits the gnoll but does no damage.
The gnoll barely misses you.
You shoot an arrow. The arrow hits the gnoll.
The gnoll is lightly wounded.
The gnoll barely misses you.
You shoot an arrow. The arrow hits the gnoll.
The gnoll is moderately wounded.
The gnoll barely misses you.
You shoot an arrow.
The arrow hits the gnoll but does no damage.
The gnoll is moderately wounded.
The gnoll hits you from afar with a +0 halberd!
You die...

######################.##.#
#... ####### #..#.# #...
.g..... ##...# ##.. ..g....
###.## #.. ....... #..# #..
......g #..# ### .......
#..##
.......###########...####
....).gg)@.........#....##
######.########...........
#.#.....#............
#.#.###.#..........#.
###.#...............#..
#...#.#.#.#.#######.#..
#...#...#.#.#.......#.#
#.........#.##.######..
#...#.#.###.##.# ###


You could see 2 gnolls.

Vanquished Creatures
  2 orc wizards (D:3)
  10 gnolls
  2 adders
  2 dart slugs
  A ribbon worm (D:2)
  3 orcs (D:3)
  4 endoplasms
  4 goblins
  3 hobgoblins
  A quokka (D:2)
  3 ball pythons
  3 bats (D:1)
  10 frilled lizards
  2 kobolds
  5 rats
55 creatures vanquished.

Notes
Turn   | Place    | Note
-------+----------+-------------------------------------------
     0 | D:1      | qw the Deep Elf Hunter began the quest for the Orb.
     0 | D:1      | Reached XP level 1. HP: 12/12 MP: 3/3
     0 | D:1      | 0 ||| qw: Version: 0.3-a-160-g6735b56
     0 | D:1      | 0 ||| qw: Game counter: 4843
     0 | D:1      | 0 ||| qw: Melee chars always use a shield: true
     0 | D:1      | 0 ||| qw: God list: Okawaru
     0 | D:1      | 0 ||| qw: Allow faded altars: false
     0 | D:1      | 0 ||| qw: Do Orc after clearing Dungeon:15 true
     0 | D:1      | 0 ||| qw: Do second Lair branch before Depths: true
     0 | D:1      | 0 ||| qw: Lair rune preference: random
     0 | D:1      | 0 ||| qw: Goals: Normal
     0 | D:1      | 0 ||| PLANNING D:1-11
   230 | D:1      | Found a faded altar of an unknown god.
   316 | D:1      | Reached XP level 2. HP: 16/16 MP: 4/4
   317 | D:1      | Reached skill level 6 in Ranged Weapons
   737 | D:1      | 737 ||| UPGRADING to +0 ring mail.
   747 | D:1      | 747 ||| DROPPING +0 leather armour.
   748 | D:1      | 748 ||| READING scroll labelled FUFEMOAGHEL.
   749 | D:1      | 749 ||| READING scroll labelled REMOEPORGHEL.
   750 | D:1      | 750 ||| DROPPING scroll of butterflies.
   855 | D:2      | Reached XP level 3. HP: 20/20 MP: 5/5
   965 | D:2      | 965 ||| RETREEEEATING.
   968 | D:2      | Reached skill level 7 in Ranged Weapons
   968 | D:2      | 968 ||| FLEEEEING.
   969 | D:2      | 969 ||| FLEEEEING.
   982 | D:2      | HP: 3/20 [gnoll/+0 halberd (6)]
   986 | D:2      | Reached XP level 4. HP: 5/25 MP: 6/6
  1081 | D:2      | Found Yzuodgh's Book Shoppe.
  1306 | D:2      | 1306 ||| READING scroll labelled GOKHY JADELYS.
  1306 | D:2      | 1306 ||| IDENTIFYING black potion
  1307 | D:2      | 1307 ||| READING scroll labelled BIWACOUMIE.
  1308 | D:2      | 1308 ||| DROPPING potion of attraction.
  1572 | D:3      | Reached skill level 8 in Ranged Weapons
  1575 | D:3      | 1575 ||| FLEEEEING.
  1576 | D:3      | 1576 ||| FLEEEEING.
  1578 | D:3      | 1578 ||| DRINKING bubbling green potion.
  1579 | D:3      | 1579 ||| DRINKING bubbling amethyst potion.
  1580 | D:3      | 1580 ||| DRINKING fuming coppery potion.
  1581 | D:3      | 1581 ||| DRINKING lumpy pink potion.
  1593 | D:3      | Reached XP level 5. HP: 29/29 MP: 7/7
  1844 | D:3      | Found a shimmering altar of Xom.
  1844 | D:3      | Found a glowing golden altar of the Shining One.
  2132 | D:3      | 2132 ||| RETREEEEATING.
  2134 | D:3      | 2134 ||| RETREEEEATING.
  2140 | D:3      | Reached skill level 9 in Ranged Weapons
  2146 | D:3      | HP: 7/29 [gnoll/+0 spear (2)]
  2147 | D:3      | HP: 2/30 [gnoll/+0 spear (6)]
  2153 | D:3      | Mangled by a gnoll

Levels and vault maps discovered:
D:1:      lemuel_arrival_room, layout_basic, nicolae_ecumenical_lake_church,
          minmay_lizard_pond
D:2:      layout_rooms, serial_shops, shop
D:3:      layout_basic, nicolae_overflow_two_pavilions

Skill      XL: |  1  2  3  4  5 |
---------------+----------------+-----
Ranged Weapons | 6 7 8 9 |  9.0
Fighting       | |  1.9
Dodging        | |  2.4
Stealth        | |  1.2

Action                     |  1- 3 |  4- 6 || total
---------------------------+-------+-------++-------
   Fire: Shortbow          |    83 |   105 ||   188
    Use: Scroll            |     2 |     2 ||     4
         Potion            |       |     4 ||     4
 Armour: Leather armour    |    24 |       ||    24
         Ring mail         |     7 |    37 ||    44
         Skin              |       |    14 ||    14
  Dodge: Dodged            |    32 |    34 ||    66

Table legend:
 A = Non-vault XP
 B = Vault XP
 C = Vault XP percentage of total XP
 D = Non-vault monster count
 E = Vault monster count
 F = Vault count percentage of total count
                 A         B        C        D         E       F
            +---------+---------+-------+---------+---------+-------
      Total |     306 |       7 |   2.2 |      48 |       7 |  12.7
            +---------+---------+-------+---------+---------+-------
        D:1 |      24 |       7 |  22.6 |      16 |       7 |  30.4
        D:2 |      87 |       0 |   0.0 |      12 |       0 |   0.0
        D:3 |     195 |       0 |   0.0 |      20 |       0 |   0.0
            +---------+---------+-------+---------+---------+-------
